 Dungeon Crawl Stone Soup version 0.24-a0-422-g9eff3895ba (webtiles) character file.

Game seed: 11707702329244838338

40551 KristoblXynda the Destroyer (level 13, -6/100 HPs)
             Began as a Red Draconian Conjurer on June 12, 2019.
             Was a High Priest of Vehumet.
             Mangled by a komodo dragon (21 damage)
             ... on level 1 of the Lair of Beasts.
             The game lasted 01:10:25 (22065 turns).

KristoblXynda the Destroyer (DrCj)                 Turns: 22065, Time: 01:10:25

Health: -6/100     AC: 18    Str: 11    XL:     13   Next: 75%
Magic:  38/38      EV: 20    Int: 19    God:    Vehumet [*****.]
Gold:   804        SH:  6    Dex: 13    Spells: 20/37 levels left

rFire    + . .     SeeInvis .   g - +4 morningstar (crush)
rCold    . . .     Gourm    .   O - +1 buckler {AC+3}
rNeg     . . .     Faith    .   (armour unavailable)
rPois    +         Spirit   .   i - +2 hat
rElec    .         Reflect  .   K - +2 cloak "Ucogejoq" {MP+9}
rCorr    .         Harm     .   L - +0 pair of gloves
MR       .....                  c - +0 pair of boots
Stlth    ++........             J - amulet of regeneration
HPRegen  0.66/turn              z - +5 ring of evasion
MPRegen  0.26/turn              E - ring of poison resistance

@: no status effects
A: breathe fire, unfitting armour, fire resistance 1, cold-blooded, AC +8
a: Breathe Fire, Renounce Religion


You were on level 1 of the Lair of Beasts.
You worshipped Vehumet.
Vehumet was extremely pleased with you.
You were not hungry.

You visited 4 branches of the dungeon, and saw 18 of its levels.
You also visited: Sewer.

You collected 1166 gold pieces.
You spent 362 gold pieces at shops.

Inventory:

Hand Weapons
 g - a +4 morningstar of crushing (weapon)
Armour
 c - a +0 pair of boots (worn)
 i - a +2 hat (worn)
 K - the +2 cloak "Ucogejoq" (worn) {MP+9}
   (You bought it in a shop on level 9 of the Dungeon)

   It affects your magic capacity (+9).
 L - a +0 pair of gloves (worn)
 O - a +1 buckler of protection (worn)
Jewellery
 z - a +5 ring of evasion (left hand)
 E - a ring of poison resistance (right hand)
 J - an amulet of regeneration (around neck)
Wands
 o - a wand of scattershot (5)
 r - a wand of acid (13)
 t - a wand of iceblast (4)
 C - a wand of flame (11)
 G - a wand of paralysis (4)
Scrolls
 e - 4 scrolls of teleportation
 h - a scroll of amnesia
 k - a scroll of blinking {unknown}
 p - a scroll of enchant armour
 y - 9 scrolls of remove curse
 A - a scroll of immolation
 B - a scroll of magic mapping
 F - a scroll of fog
 P - a scroll of silence
Potions
 a - 6 potions of flight
 d - 2 potions of cancellation
 f - a potion of berserk rage {unknown}
 j - 4 potions of curing
 l - 3 potions of agility
 m - 5 potions of brilliance
 n - 3 potions of invisibility
 s - 2 potions of might
 v - 2 potions of haste
 w - 4 potions of lignification
 I - a potion of ambrosia {unknown}
 Q - a potion of magic
Miscellaneous
 u - a fan of gales (inert)
 D - a phial of floods
Comestibles
 b - 33 rations


   Skills:
 - Level 5.1 Fighting
 - Level 5.6 Maces & Flails
 + Level 6.5 Dodging
 - Level 1.7 Stealth
 - Level 4.3 Shields
 + Level 12.8 Spellcasting
 + Level 14.1 Conjurations
 + Level 6.2 Necromancy
 - Level 5.1 Evocations


You had 20 spell levels left.
You knew the following spells:

 Your Spells              Type           Power        Failure   Level  Hunger
b - Dazzling Spray        Conj/Hex       #####.       1%          3    None
c - Iskenderun's Mystic   Conj           ######..     1%          4    #......
e - Dispel Undead         Necr           #####...     12%         5    ####...
f - Bolt of Draining      Conj/Necr      ######....   1%          5    ####...

Your spell library contained the following spells:

 Spells                   Type           Power        Failure   Level  Hunger
 Yara's Violent Unravell  Hex/Tmut       ##........   36%         5    ####...
 Magic Dart               Conj           ####         0%          1    None
 Corpse Rot               Necr           N/A          1%          2    None
 Searing Ray              Conj           ######       1%          2    None
 Sublimation of Blood     Necr           #####.....   1%          2    None
 Force Lance              Conj/Tloc      #####...     1%          4    #......
 Fulminant Prism          Conj/Hex       #####.....   1%          4    #......
 Beastly Appendage        Tmut           ##....       5%          1    None
 Sticks to Snakes         Tmut           ##......     9%          2    None
 Agony                    Necr           #####...     12%         5    ####...
 Spider Form              Tmut/Pois      ##........   17%         3    None
 Excruciating Wounds      Chrm/Necr      ###.......   41%         5    ####...
 Ice Form                 Ice/Tmut       ##......     50%         4    #......
 Blade Hands              Tmut           ##........   83%         5    ####...


Dungeon Overview and Level Annotations

Branches:
Dungeon (15/15)            Temple (1/1) D:5            Lair (1/6) D:10
    Orc (1/2) D:9          Vaults (0/5) D:14         Depths (0/5) D:15

Altars:
Ashenzari
Cheibriados
Dithmenos
Elyvilon
Fedhas
Gozag
Hepliaklqana
Kikubaaqudgha
Makhleb
Nemelex Xobeh
Okawaru
Qazlal
Ru
Sif Muna
Trog
Uskayaw
Vehumet
Wu Jian
Xom
Yredelemnul
Zin
The Shining One

Shops:
D:9 *   D:13 *


Innate Abilities, Weirdness & Mutations

You can breathe blasts of fire.
Your fiery red scales are hard. (AC +8)
You cannot fit into any form of body armour.
Your flesh is heat resistant. (rF+)
You are cold-blooded and may be slowed by cold attacks.


Message History

The komodo dragon barely misses you.
You puncture the komodo dragon!
The komodo dragon is severely wounded.
The komodo dragon misses you. The komodo dragon bites you!!
You sock the komodo dragon!
The komodo dragon is almost dead.
The komodo dragon bites you!
You hit the komodo dragon but do no damage.
The komodo dragon is almost dead.
The komodo dragon bites you!!
You closely miss the komodo dragon.
The komodo dragon is almost dead.
The komodo dragon bites you!!
* * * LOW HITPOINT WARNING * * *
You barely miss the komodo dragon.
Your tail-slap misses the komodo dragon.
The komodo dragon is almost dead.
The komodo dragon completely misses you.
The komodo dragon bites you!!
You die...

..#..# .##..#
..#..# ## ..##.#
#. ## ..#### #.##
##.# ..##
##+P####...###
..P###
#(.........%..
..P##.#
##.............
..## #..
#.....l@.P.%%..
..#
...##..........P..
###
#.##.........$%..
..#
#..#..........:..
'##
#...............
.##
###.........####
.P# #.#..#######
### ####....### #
##........#


You could see a komodo dragon.

Vanquished Creatures
  Louise (D:14)
  Snorg (D:13)
  A yaktaur captain (D:14)
  Erolcha (D:9)
  2 centaur warriors
  3 two-headed ogres
  2 tengu warriors (D:14)
  A sixfirhy (D:10)
  An unseen horror (D:11)
  A flayed ghost (D:15)
  Pikel (D:9)
  A deep elf archer (D:14)
  A wizard (D:14)
  15 ugly things
  A deep elf mage (D:13)
  2 cyclopes (D:11)
  2 manticores
  A spiny frog (Lair:1)
  Maurice (D:8)
  Joseph (D:9)
  Psyche (D:11)
  3 gargoyles
  A rime drake (shapeshifter) (D:15)
  2 yaktaurs (D:14)
  A kobold demonologist (D:12)
  8 trolls
  3 tengu conjurers
  A merfolk (D:13)
  A queen bee (Lair:1)
  3 slime creatures (D:12)
  7 hippogriffs
  Sigmund (D:3)
  A centaur simulacrum (D:15)
  4 shadows
  2 wraiths
  6 yaks
  A vampire (D:14)
  A wyvern (D:12)
  A human (D:13)
  A basilisk (D:15)
  2 hungry ghosts
  A steam dragon (D:11)
  2 soldier ants
  4 water moccasins
  Duvessa (D:7)
  3 porcupines (Lair:1)
  5 ice beasts
  4 orc warriors
  4 slaves (D:9)
  2 necrophages
  18 centaurs
  14 ogres
  A phantom (D:8)
  3 boggarts (D:14)
  A crocodile (D:11)
  An eye of draining (D:14)
  A big kobold (D:12)
  10 bullfrogs
  A wyvern zombie (D:12)
  Dowan (D:7)
  2 scorpions
  34 killer bees
  2 howler monkeys
  8 crimson imps
  2 bullfrog zombies
  4 centaur zombies
  2 quasits (D:10)
  9 hounds
  2 jellies
  16 orc priests
  4 centaur skeletons
  3 bullfrog skeletons
  Ijyb (D:4)
  15 orc wizards
  An iguana (shapeshifter) (D:14)
  3 iguanas
  15 worker ants
  3 hound zombies
  2 worker ant zombies
  14 adders
  3 gnolls (D:6)
  A howler monkey skeleton (D:10)
  A river rat (D:3)
  6 shadow imps
  4 oozes (Sewer)
  2 adder zombies (D:6)
  An adder skeleton (D:8)
  9 worms
  3 dart slugs
  9 leopard geckos
  66 orcs
  A ball python (Sewer)
  6 giant cockroaches
  18 goblins
  9 hobgoblins
  5 jackals
  4 quokkas
  15 bats
  6 frilled lizards
  10 kobolds
  8 rats
  A spectral orc (D:6)
  3 plants (D:10)
501 creatures vanquished.

Vanquished Creatures (others)
  A centaur zombie (D:13)
  An iguana (D:4)
  A dart slug (D:4)
  A ball python (D:4)
  A fungus (Lair:1)
  4 withered plants (D:15)
9 creatures vanquished.

Grand Total: 510 creatures vanquished

Notes
Turn   | Place    | Note
-------+----------+-------------------------------------------
     0 | D:1      | KristoblXynda the Draconian Conjurer began the quest for
                  | the Orb.
     0 | D:1      | Reached XP level 1. HP: 14/14 MP: 3/3
   404 | D:1      | Reached XP level 2. HP: 14/20 MP: 0/5
  1148 | D:2      | Reached XP level 3. HP: 26/26 MP: 1/7
  1806 | D:3      | Learned a level 3 spell: Dazzling Spray
  1825 | D:3      | Found a white marble altar of Elyvilon.
  1904 | D:3      | Reached XP level 4. HP: 33/33 MP: 2/8
  1995 | D:3      | Reached skill level 5 in Conjurations
  2076 | D:3      | Learned a level 4 spell: Iskenderun's Mystic Blast
  2234 | D:3      | Found a glowing drain.
  2249 | Sewer    | Entered a sewer
  3058 | Sewer    | Reached XP level 5. HP: 11/38 MP: 1/10
  3682 | D:3      | Found a burning altar of Makhleb.
  3885 | D:3      | Noticed Sigmund
  3907 | D:3      | Killed Sigmund
  3907 | D:3      | Reached skill level 6 in Conjurations
  3907 | D:3      | Reached XP level 6. HP: 23/45 MP: 0/12
  4467 | D:4      | Reached skill level 5 in Spellcasting
  4649 | D:4      | Your scales start taking on a fiery red colour.
  4649 | D:4      | Reached XP level 7. HP: 50/50 MP: 6/14
  4649 | D:4      | Gained mutation: Your flesh is heat resistant. (rF+) [Red
                  | Draconian growth]
  4884 | D:4      | Reached skill level 1 in Shields
  5243 | D:4      | Reached skill level 7 in Conjurations
  5247 | D:4      | Found a shimmering altar of Xom.
  5590 | D:4      | Noticed Ijyb
  5603 | D:4      | Killed Ijyb
  5738 | D:5      | Entered Level 5 of the Dungeon
  5814 | D:5      | Found a staircase to the Ecumenical Temple.
  5825 | Temple   | Entered the Ecumenical Temple
  5832 | Temple   | Became a worshipper of Vehumet
  5914 | D:5      | Reached XP level 8. HP: 55/57 MP: 5/17
  7250 | D:6      | Reached skill level 8 in Conjurations
  7607 | D:6      | Found a basalt altar of Yredelemnul.
  7760 | D:6      | Reached skill level 1 in Evocations
  7768 | D:6      | Reached * piety under Vehumet
  7768 | D:6      | Offered knowledge of Shock by Vehumet.
  8005 | D:6      | Reached XP level 9. HP: 31/62 MP: 12/19
  8679 | D:7      | Found a snail-covered altar of Cheibriados.
  8720 | D:7      | Found a shadowy altar of Dithmenos.
  8800 | D:7      | Learned a level 1 spell: Shock
  8971 | D:7      | Reached skill level 9 in Conjurations
  8978 | D:7      | Found an opulent altar of Gozag.
  9660 | D:7      | Noticed Duvessa
  9662 | D:7      | Noticed Dowan
  9672 | D:7      | Killed Duvessa
  9687 | D:7      | Killed Dowan
  9775 | D:7      | Offered knowledge of Freeze by Vehumet.
  9899 | D:7      | Reached ** piety under Vehumet
  9990 | D:8      | Found a stormy altar of Qazlal.
 10045 | D:8      | Found a sand-covered staircase.
 10088 | D:8      | Reached skill level 5 in Evocations
 10185 | D:8      | Reached XP level 10. HP: 28/69 MP: 2/22
 10305 | D:8      | Found a sacrificial altar of Ru.
 10392 | D:8      | Reached skill level 1 in Fighting
 10844 | D:8      | Noticed Maurice
 10853 | D:8      | Killed Maurice
 10853 | D:8      | Reached skill level 10 in Conjurations
 11631 | D:9      | Found Negesh's Assorted Antiques.
 11639 | D:9      | Bought a tiny jasper amulet for 125 gold pieces
 11639 | D:9      | Bought a twisted cloak for 237 gold pieces
 11640 | D:9      | Identified the +2 cloak "Ucogejoq" {MP+9} (You bought it in
                  | a shop on level 9 of the Dungeon)
 11748 | D:9      | Offered knowledge of Ignite Poison by Vehumet.
 11990 | D:9      | Found a staircase to the Orcish Mines.
 12004 | D:9      | Noticed Erolcha
 12005 | D:9      | Learned a level 5 spell: Dispel Undead
 12018 | D:9      | Reached *** piety under Vehumet
 12021 | D:9      | Killed Erolcha
 12099 | D:9      | Noticed Joseph
 12336 | D:9      | Noticed Pikel
 12502 | D:9      | Killed Pikel
 12742 | D:9      | Found an iron altar of Okawaru.
 12775 | D:9      | Killed Joseph
 12775 | D:9      | Reached skill level 5 in Fighting
 12878 | D:9      | Found a blossoming altar of Fedhas.
 12878 | D:9      | Found a hazy altar of Hepliaklqana.
 13337 | Orc:1    | Entered Level 1 of the Orcish Mines
 13438 | D:10     | Entered Level 10 of the Dungeon
 13662 | D:10     | Found a staircase to the Lair.
 13673 | D:10     | Found a runed translucent door.
 13674 | D:10     | Noticed a sixfirhy
 13685 | D:10     | Killed a sixfirhy
 13685 | D:10     | Reached skill level 11 in Conjurations
 13685 | D:10     | Reached XP level 11. HP: 43/86 MP: 24/24
 13803 | D:10     | Offered knowledge of Conjure Flame by Vehumet.
 14572 | D:11     | Killed an unseen horror
 14593 | D:11     | Reached skill level 10 in Spellcasting
 14743 | D:11     | Noticed Psyche
 14752 | D:11     | Killed Psyche
 15021 | D:11     | Reached **** piety under Vehumet
 15095 | D:11     | Learned a level 5 spell: Bolt of Draining
 15280 | D:11     | Noticed a white ugly thing
 15287 | D:11     | Killed a white ugly thing
 15287 | D:11     | Offered knowledge of Olgreb's Toxic Radiance by Vehumet.
 15594 | D:11     | Reached skill level 5 in Dodging
 16504 | D:12     | Reached skill level 1 in Maces & Flails
 16625 | D:12     | Reached skill level 12 in Conjurations
 16833 | D:12     | Noticed a green ugly thing
 16848 | D:12     | Killed a green ugly thing
 17067 | D:12     | Noticed a two-headed ogre
 17076 | D:12     | Killed a two-headed ogre
 17333 | D:12     | Reached XP level 12. HP: 91/94 MP: 27/27
 17362 | D:12     | Noticed a two-headed ogre
 17375 | D:12     | Killed a two-headed ogre
 18123 | D:13     | Found Luotiple's Luxury Loot.
 18151 | D:13     | Reached ***** piety under Vehumet
 18151 | D:13     | Offered knowledge of Yara's Violent Unravelling by Vehumet.
 18342 | D:13     | Noticed Snorg
 18353 | D:13     | Killed Snorg
 18619 | D:13     | Reached skill level 5 in Maces & Flails
 18799 | D:13     | Noticed a two-headed ogre
 18807 | D:13     | Killed a two-headed ogre
 18890 | D:13     | Reached skill level 13 in Conjurations
 19066 | D:13     | Reached skill level 1 in Necromancy
 19633 | D:14     | Reached XP level 13. HP: 95/100 MP: 29/29
 19671 | D:14     | Found a gate to the Vaults.
 20138 | D:14     | Found a shadowy altar of Dithmenos.
 20325 | D:14     | Noticed Louise
 20336 | D:14     | Killed Louise
 20336 | D:14     | Reached skill level 5 in Necromancy
 20616 | D:15     | Entered Level 15 of the Dungeon
 20852 | D:15     | Reached skill level 14 in Conjurations
 21195 | D:15     | HP: 2/100 [meliai/divine providence (15)]
 21237 | D:15     | Found a staircase to the Depths.
 21487 | Lair:1   | Entered Level 1 of the Lair of Beasts
 22065 | Lair:1   | Mangled by a komodo dragon

Levels and vault maps discovered:
D:1:      dpeg_arrival_rooms_b, layout_rooms
D:2:      layout_rooms, grunt_decor_cap, eino_tiny_chamber
D:3:      minmay_razor_zed, layout_basic, lightli_temple_of_fire,
          gup_sewer_entry_spiral, elyvilon_altar_1, uniq_sigmund
D:4:      kennysheep_the_goblin_king, layout_cave_pods, xom_confusion_cloud
D:5:      layout_basic, minmay_temple_entry_antechambers, first_ration
D:6:      layout_gridville, yredelemnul_forgotten_temple_becter
D:7:      layout_loops_ring, marbit_many_paths, kennysheep_mini_moat,
          basic_altar, uniq_duvessa
D:8:      layout_layer_cave, nicolae_overflow_crystal_walls, enter_ossuary_1,
          nicolae_ru_awakened_eye, uniq_maurice
D:9:      layout_long_grid, lemuel_coloured_pillars_altar,
          gammafunk_temple_overflow_elements, hiddenorc2_lemuel, serial_shops,
          nicolae_shop_crystal, uniq_erolcha, uniq_joseph, uniq_pikel
D:10:     cheibrodos_shockbox, layout_stronghold, dpeg_oklobed_lair
D:11:     layout_cave_pools, uniq_psyche
D:12:     layout_stronghold
D:13:     layout_loops_cross, hangedman_stone_soup,
          chequers_serial_rivers_micro_a, nicolae_alphabet_shops, uniq_snorg
D:14:     layout_rooms, david_vaults_2, nicolae_dithmenos_shadow_blocks,
          uniq_louise
D:15:     gammafunk_depths_entry_grave, layout_rooms, minmay_crystal_water,
          hangedman_abyss_or_decor_clamps, kb_rosetta
Temple:   cyrus_circular_temple
Lair:1:   layout_roguey [special_room_bee], basic_altar, minivault_24,
          hangedman_lair_generics_rect, lemuel_fruit_tree, uniq_gastronok,
          uniq_grum
Orc:1:    layout_caves

Skill      XL: |  1  2  3  4  5  6  7  8  9 10 11 12 13 |
---------------+----------------------------------------+-----
Spellcasting   | 3 4 5 6 7 8 9 11 12 | 12.8
Conjurations   | 5 6 7 8 9 11 12 13 14 | 14.1
Shields        | 2 4 |  4.3
Evocations     | 2 5 |  5.1
Fighting       | 5 |  5.1
Dodging        | 2 5 6 |  6.5
Maces & Flails | 3 5 |  5.6
Necromancy     | 3 6 |  6.2
Stealth        | |  1.7

Action                   |  1- 3 |  4- 6 |  7- 9 | 10-12 | 13-15 || total
-------------------------+-------+-------+-------+-------+-------++-------
Melee: Unarmed           |    20 |       |       |       |       ||    20
       Short sword       |    31 |    78 |    11 |       |       ||   120
       Tailslap          |     5 |     6 |    23 |    60 |    15 ||   109
       Dagger            |       |       |   140 |   220 |       ||   360
       War axe           |       |       |    29 |       |       ||    29
       Morningstar       |       |       |       |   234 |   179 ||   413
 Cast: Magic Dart        |    83 |   144 |   334 |   188 |       ||   749
       Dazzling Spray    |       |     9 |       |    34 |       ||    43
       Iskenderun's Myst |       |     5 |    10 |   113 |    50 ||   178
       Shock             |       |       |       |    41 |       ||    41
       Bolt of Draining  |       |       |       |    13 |    30 ||    43
 Abil: Breathe Fire      |       |       |     8 |    25 |    10 ||    43
Evoke: Wand              |       |       |     2 |     9 |       ||    11
       Fan of gales      |       |       |       |       |     1 ||     1
  Use: Scroll            |     5 |     5 |     4 |    10 |    10 ||    34
       Potion            |       |     4 |       |     1 |     4 ||     9
 Stab: Sleeping          |     3 |     1 |     2 |     3 |       ||     9
       Invisible         |       |     3 |       |     3 |       ||     6
       Confused          |       |     1 |       |       |       ||     1
  Eat: Chunk             |     4 |    10 |    13 |    26 |     4 ||    57
       Ration            |       |       |     2 |     6 |     4 ||    12
Armor: Skin              |    19 |    31 |    77 |   164 |   109 ||   400
Dodge: Dodged            |    41 |    94 |   200 |   544 |   217 ||  1096
Block: Buckler           |       |       |    61 |   125 |    54 ||   240

Table legend:
 A = Non-vault XP
 B = Vault XP
 C = Vault XP percentage of total XP
 D = Non-vault monster count
 E = Vault monster count
 F = Vault count percentage of total count
                 A         B        C        D         E       F
            +---------+---------+-------+---------+---------+-------
      Total |   43176 |   14754 |  25.5 |     360 |     134 |  27.1
            +---------+---------+-------+---------+---------+-------
        D:1 |      28 |       0 |   0.0 |      16 |       0 |   0.0
        D:2 |      49 |       0 |   0.0 |      22 |       0 |   0.0
        D:3 |      80 |     281 |  77.8 |      18 |      13 |  41.9
        D:4 |     484 |     230 |  32.2 |      11 |      10 |  47.6
        D:5 |     825 |       0 |   0.0 |      24 |       0 |   0.0
        D:6 |    1006 |       1 |   0.1 |      31 |       1 |   3.1
        D:7 |    1530 |     308 |  16.8 |      22 |       3 |  12.0
        D:8 |    1456 |     449 |  23.6 |      24 |       1 |   4.0
        D:9 |     737 |    2621 |  78.1 |      13 |      35 |  72.9
       D:10 |    1050 |     756 |  41.9 |      19 |       1 |   5.0
       D:11 |    5890 |     439 |   6.9 |      35 |       1 |   2.8
       D:12 |    6113 |       0 |   0.0 |      40 |       0 |   0.0
       D:13 |    5420 |    2231 |  29.2 |      22 |       5 |  18.5
       D:14 |   11890 |    3403 |  22.3 |      47 |       4 |   7.8
       D:15 |    6388 |     696 |   9.8 |      14 |       1 |   6.7
     Lair:1 |     230 |    3258 |  93.4 |       2 |      32 |  94.1
      Sewer |       0 |      81 | 100.0 |       0 |      27 | 100.0
            +---------+---------+-------+---------+---------+-------
